 Dungeon Crawl Stone Soup version 0.26.1-11-gd32895ea62 (webtiles) character file.

Game seed: 3434823161631160687

165 nothank2 the Grave Robber (level 5, -1/35 HPs)
             Began as a Demonspawn Necromancer on July 16, 2021.
             Slain by an orc
             ... wielding a +0 flail
              (5 damage)
             ... on level 3 of the Dungeon.
             The game lasted 00:08:35 (4083 turns).

nothank2 the Grave Robber (Demonspawn Necromancer)  Turns: 4083, Time: 00:08:35

Health: -1/35      AC:  4    Str:  8    XL:     5   Next: 21%
Magic:  0/9        EV: 12    Int: 17    God:
Gold:   178        SH:  0    Dex: 14    Spells: 8/10 levels left

rFire    + . .     SeeInvis .   n - -1 dagger (curse)
rCold    x . .     Faith    .   (no shield)
rNeg     . . .     Spirit   .   a - +0 robe
rPois    .         Reflect  .   (no helmet)
rElec    .         Harm     .   (no cloak)
rCorr    .         Rampage  .   (no gloves)
Will     .....                  (no boots)
Stlth    ++........             (no amulet)
HPRegen  0.11/turn              r - ring of fire
MPRegen  0.11/turn              (no ring)

@: slowed, very slow
A: yellow scales 1, powered by pain 1
a: no special abilities


You were on level 3 of the Dungeon.
You visited 1 branch of the dungeon, and saw 3 of its levels.

You collected 178 gold pieces.

Inventory:

Hand Weapons
 c - a +0 club
 f - a +0 dagger
 i - a +0 war axe
 n - a cursed -1 dagger (weapon)
Missiles
 k - 13 poisoned darts
Armour
 a - a +0 robe (worn)
Jewellery
 r - a ring of fire (left hand)
Scrolls
 l - 2 scrolls of identify
 m - a scroll of enchant weapon {unknown}
 o - a scroll of magic mapping
Potions
 b - 2 potions of attraction {unknown}
 d - a potion of cancellation {unknown}
 e - a potion of magic {unknown}
 g - 2 potions of curing
 h - 2 potions of might {unknown}
 j - a potion of ambrosia {unknown}
 p - 2 potions of berserk rage {unknown}
 q - a potion of heal wounds {unknown}
 s - a potion of lignification {unknown}


   Skills:
 - Level 1.7 Dodging
 - Level 1.7 Stealth
 + Level 3.2 Spellcasting
 * Level 6.4 Necromancy


You had 8 spell levels left.
You knew the following spells:

 Your Spells              Type           Power        Failure   Level
a - Pain                  Necr           96%          1%          1
b - Animate Skeleton      Necr           48%          1%          1

Your spell library contained the following spells:

 Spells                   Type           Power        Failure   Level
 Vampiric Draining        Necr           12%          3%          3
 Animate Dead             Necr           12%          12%         4
 Agony                    Necr           24%          32%         5


Dungeon Overview and Level Annotations

Branches:
Dungeon (3/15)

Altars:
Elyvilon
Gozag
Makhleb
Xom
Yredelemnul
Zin

Annotations:
D:3 1 runed translucent door, Crazy Yiuf


Innate Abilities, Weirdness & Mutations

You are partially covered in yellow scales. (AC +2)
You sometimes gain a little power by taking damage.


Message History

The magic dart hits you. The orc barely misses you.
The orc wizard hits you with a +0 dagger.
You are too injured to fight recklessly!
Aiming: Pain (safe; 1% risk of failure)
Press: ? - help, Q - select action, (/) - cycle Shift-Dir - straight line, f/p - orc wizard
Aim: an orc wizard, wielding a +0 dagger and wearing a +0 robe (moderately wounded, chance to affect: 83%)
The orc wizard writhes in agony.
The orc closely misses you.
The orc wizard hits you with a +0 dagger.
The orc barely misses you.
Aiming: Pain (safe; 1% risk of failure)
Press: ? - help, Q - select action, (/) - cycle Shift-Dir - straight line, f/p - orc wizard
Aim: an orc wizard, wielding a +0 dagger and wearing a +0 robe (moderately wounded, chance to affect: 83%)
The orc wizard writhes in agony.
The orc wizard barely misses you. The orc wizard casts a spell at you.
The magic dart hits you!
* * * LOW HITPOINT WARNING * * *
The orc hits you with a +0 flail.
You die...

##.≈≈≈≈≈≈≈≈≈.......#***##,*,*
..#############....#*****,*,*
*** #.##.# #....+,,,**,*,****
*** #.##.# #....#**,**,,,,,,*
,,* #.##.# #....###.****,*,**
*,* #....# #........,,,,,*,*
*,*
#.########....###.******,*
#,* #.##...#..o.o.# *,* ***,*
..####...._...#)@..# *,*
*,,,* ..........o._.###.##
*,****,***
...........o......# *,,,,,,*
#####.._..⌠.....### ******,*
#[..........# ***
#......._...# ###..._....##
###......# ########


You could see an orc wizard and an orc.

Vanquished Creatures
  An orc wizard (D:3)
  A worker ant (D:3)
  2 adders
  An ooze (D:1)
  3 worms
  2 dart slugs
  7 leopard geckos
  4 orcs
  3 giant cockroaches (D:3)
  6 goblins
  10 hobgoblins
  8 jackals (D:2)
  2 ball pythons
  2 bats (D:2)
  3 kobolds
  4 rats
59 creatures vanquished.

Vanquished Creatures (others)
  3 fungi (D:3)
3 creatures vanquished.

Grand Total: 62 creatures vanquished

Notes
Turn   | Place    | Note
-------+----------+-------------------------------------------
     0 | D:1      | nothank2 the Demonspawn Necromancer began the quest for the
                  | Orb.
     0 | D:1      | Reached XP level 1. HP: 13/13 MP: 3/3
   514 | D:1      | Gained mutation: You are partially covered in yellow
                  | scales. (AC +2) [demonic ancestry]
   514 | D:1      | Reached XP level 2. HP: 16/19 MP: 1/5
   733 | D:1      | Reached skill level 5 in Necromancy
  1343 | D:2      | Learned a level 1 spell: Animate Skeleton
  1429 | D:2      | Reached XP level 3. HP: 19/24 MP: 0/6
  1563 | D:2      | Found a shimmering altar of Xom.
  1607 | D:2      | Found a shimmering altar of Xom.
  1607 | D:2      | Found a shimmering altar of Xom.
  2513 | D:2      | You fall into a shaft and drop 1 floor!
  2533 | D:3      | Gained mutation: You sometimes gain a little power by
                  | taking damage. [demonic ancestry]
  2533 | D:3      | Reached XP level 4. HP: 18/30 MP: 0/8
  3010 | D:3      | Found a runed translucent door.
  3011 | D:3      | Noticed Crazy Yiuf
  3046 | D:3      | Reached skill level 6 in Necromancy
  4021 | D:3      | Found a basalt altar of Yredelemnul.
  4022 | D:3      | Found an opulent altar of Gozag.
  4024 | D:3      | Found a burning altar of Makhleb.
  4024 | D:3      | Found a white marble altar of Elyvilon.
  4024 | D:3      | Found a glowing silver altar of Zin.
  4081 | D:3      | Reached XP level 5. HP: 22/35 MP: 2/9
  4083 | D:3      | Slain by an orc

Illustrated notes

Levels and vault maps discovered:
D:1:      heliophobic_arrival_henge, layout_loops_ring, minivault_25
D:2:      layout_basic, xom_redecorated, minmay_pentomino_o4
D:3:      layout_basic, fedhas_altar_3, grunt_temple_overflow_open,
          nicolae_overflow_hidden_temple, portal_sewer_entry_f,
          uniq_crazy_yiuf_cottage, uniq_grinder

Skill      XL: |  1  2  3  4 |
---------------+-------------+-----
Necromancy     | 5 6 |  6.4
Spellcasting   | 3 |  3.2
Dodging        | |  1.7
Stealth        | |  1.7

Action                   |  1- 3 |  4- 6 || total
-------------------------+-------+-------++-------
Melee: Unarmed           |     1 |       ||     1
       Dagger            |    16 |    17 ||    33
       War axe           |     3 |       ||     3
 Cast: Pain              |    79 |    55 ||   134
  Use: Scroll            |     2 |     1 ||     3
Armor: Robe              |     7 |    16 ||    23
Dodge: Dodged            |    17 |    37 ||    54
